 Dungeon Crawl Stone Soup version 0.22.1-5-g62c59d9 (webtiles) character file.

590 tognito the Cleaver (level 7, -2/85 HPs)
             Began as a Minotaur Berserker on Jan 9, 2019.
             Was a Priest of Trog.
             Slain by a slave (8 damage)
             ... led by Pikel
             ... on level 4 of the Dungeon.
             The game lasted 00:06:30 (3862 turns).

tognito the Cleaver (Minotaur Berserker)            Turns: 3862, Time: 00:06:30

Health: -2/85      AC:  4    Str: 28    XL:     7   Next: 15%
Magic:  6/6        EV: 12    Int:  4    God:    Trog [***...]
Gold:   129        SH:  0    Dex: 10    Spells: 6/6 levels left

rFire    . . .     SeeInvis .   a - +0 hand axe
rCold    . . .     Gourm    .   (no shield)
rNeg     . . .     Faith    .   s - +0 animal skin
rPois    .         Spirit   .   (helmet restricted)
rElec    .         Reflect  .   q - +0 cloak
rCorr    .         Harm     .   l - +0 pair of gloves
MR       .....                  (no boots)
Stlth    ..........             (no amulet)
HPRegen  0.24/turn              (no ring)
MPRegen  0.10/turn              (no ring)

@: berserking, very quick
A: retaliatory headbutt, horns 2
a: Berserk, Trog's Hand, Renounce Religion


You were on level 4 of the Dungeon.
You worshipped Trog.
Trog was most pleased with you.
You were near starving.

You visited 1 branch of the dungeon, and saw 4 of its levels.

You collected 129 gold pieces.

Inventory:

Hand Weapons
 a - a +0 hand axe (weapon)
 b - a +0 shortbow
Missiles
 e - 32 bolts
 o - 82 arrows
Armour
 l - a +0 pair of gloves (worn)
 q - a +0 cloak (worn)
 s - a +0 animal skin (worn)
Scrolls
 d - 4 scrolls of identify {unknown}
 g - a scroll of enchant armour {unknown}
 j - 2 scrolls of blinking {unknown}
 n - 2 scrolls of remove curse {unknown}
 r - a scroll of amnesia {unknown}
Potions
 f - a potion of heal wounds
 h - 2 potions of brilliance
 i - a potion of curing {unknown}
 m - a potion of flight
 p - a potion of mutation {unknown}
Comestibles
 c - 11 rations


   Skills:
 - Level 3.6 Fighting
 + Level 9.9 Axes
 - Level 2.4 Armour
 - Level 2.2 Dodging


You had 6 spell levels left.
You didn't know any spells.
Your spell library was empty.

Dungeon Overview and Level Annotations

Branches:
Dungeon (4/15)
 Temple: D:4-7

Altars:
Fedhas
Nemelex Xobeh
Qazlal

Annotations:
D:4 Pikel


Innate Abilities, Weirdness & Mutations

You reflexively headbutt those who attack you in melee.
You have a pair of horns on your head.


Message History

Pikel completely misses you. You furiously retaliate!
You headbutt Pikel!! The slave hits you!
* * * LOW HITPOINT WARNING * * *
The slave hits you.
* * * LOW HITPOINT WARNING * * *
The slave closely misses you. You furiously retaliate!
You headbutt the slave! You closely miss Pikel.
Pikel is severely wounded.
You hit the slave. You slash the slave! You barely miss the slave.
You slash Pikel!
Pikel is almost dead.
You slash the slave! You closely miss the slave. You slash the slave!
Pikel hits you with a whip of electrocution.
* * * LOW HITPOINT WARNING * * *
You are electrocuted!
* * * LOW HITPOINT WARNING * * *
The slave hits you.
* * * LOW HITPOINT WARNING * * *
The slave hits you!
You die...

...... .....#..
...... ..... #
# ... .. #. .s#
#.#.###.####.#
#..(pp@......#
.<....Kpp######
##.###.#.# #
##..# #. #..#
#.# ##..#
#.###...#
#...##.#
##..##.#


You could see Pikel, 4 slaves and a scorpion.

Vanquished Creatures
  Grinder (D:3)
  A centaur (D:3)
  A scorpion (D:3)
  Crazy Yiuf (D:2)
  A worker ant (D:2)
  Robin (D:3)
  9 adders
  3 oozes
  5 worms
  4 leopard geckos
  3 giant cockroaches
  13 goblins
  10 hobgoblins
  2 jackals (D:1)
  A ball python (D:1)
  8 bats
  2 frilled lizards
  8 kobolds
  8 rats
82 creatures vanquished.

Notes
Turn   | Place    | Note
-------+----------+-------------------------------------------
     0 | D:1      | tognito the Minotaur Berserker began the quest for the Orb.
     0 | D:1      | Reached XP level 1. HP: 19/19 MP: 0/0
    87 | D:1      | Reached skill level 4 in Axes
   155 | D:1      | Reached XP level 2. HP: 25/26 MP: 1/1
   455 | D:1      | Reached skill level 5 in Axes
   536 | D:1      | Reached XP level 3. HP: 27/31 MP: 2/2
   572 | D:1      | Reached ** piety under Trog
  1014 | D:2      | Reached skill level 6 in Axes
  1014 | D:2      | Reached XP level 4. HP: 17/39 MP: 3/3
  1375 | D:2      | Found a sparkling altar of Nemelex Xobeh.
  1692 | D:2      | Found a blossoming altar of Fedhas.
  1696 | D:2      | Reached XP level 5. HP: 45/45 MP: 4/4
  1757 | D:2      | Found a runed door.
  1761 | D:2      | Noticed Crazy Yiuf
  1766 | D:2      | Killed Crazy Yiuf
  1766 | D:2      | Reached skill level 7 in Axes
  2157 | D:3      | Noticed Robin
  2164 | D:3      | Reached *** piety under Trog
  2168 | D:3      | Killed Robin
  2401 | D:3      | Reached skill level 8 in Axes
  2595 | D:3      | Reached XP level 6. HP: 43/51 MP: 5/5
  2703 | D:3      | Noticed Grinder
  2713 | D:3      | Paralysed by Grinder for 4 turns
  2723 | D:3      | Killed Grinder
  2723 | D:3      | Reached skill level 9 in Axes
  3110 | D:3      | Found a stormy altar of Qazlal.
  3306 | D:3      | Reached XP level 7. HP: 11/57 MP: 6/6
  3850 | D:4      | Noticed Pikel
  3862 | D:4      | Slain by a slave

Skill      XL: |  1  2  3  4  5  6 |
---------------+-------------------+-----
Axes           | 4 5 6 8 9 |  9.9
Fighting       | |  3.6
Armour         | |  2.4
Dodging        | |  2.2

Action                   |  1- 3 |  4- 6 |  7- 9 || total
-------------------------+-------+-------+-------++-------
Melee: Hand axe          |    77 |    86 |    10 ||   173
       Headbutt          |    12 |    10 |       ||    22
 Fire: Shortbow          |       |       |     4 ||     4
Invok: Berserk           |       |     3 |     1 ||     4
  Use: Potion            |     3 |     1 |       ||     4
 Stab: Sleeping          |     2 |     1 |       ||     3
  Eat: Chunk             |       |     9 |     2 ||    11
Armor: Animal skin       |    10 |    22 |     7 ||    39
Dodge: Dodged            |    48 |    57 |     8 ||   113
